 Dungeon Crawl Stone Soup version 0.20.1-1-g8b1a95d66d (webtiles) character file.

6343 NixNut the Grappler (level 10, -6/102 HPs)
             Began as a Troll Monk on Dec 28, 2017.
             Was a High Priest of Makhleb.
             Hit by a javelin thrown by Urug (30 damage)
             ... on level 1 of the Orcish Mines.
             The game lasted 00:38:56 (7860 turns).

NixNut the Grappler (Troll Monk)                    Turns: 7860, Time: 00:38:57

Health: -6/102     AC:  6    Str: 23    XL:     10   Next: 64%
Magic:  9/9        EV: 13    Int:  6    God:    Makhleb [*****.]
Gold:   282        SH:  0    Dex: 13    Spells: 9/9 levels left

rFire    + . .     SeeInvis .     - Unarmed
rCold    . . .     Gourm    +   (no shield)
rNeg     . . .     Faith    +   t - +0 robe
rPois    .         Spirit   .   (helmet restricted)
rElec    .         Reflect  .   F - +0 cloak
rCorr    .         Harm     .   (gloves unavailable)
MR       .....                  (boots unavailable)
Stlth    ++........             w - amulet of faith
Regen    0.7/turn               v - ring of protection from fire
MPRegen  0.2/turn               (no ring)

@: no status effects
A: unfitting armour, claws 3, fast metabolism 3, gourmand, regeneration 1,
shaggy fur 1, tough skin 2
a: Minor Destruction, Lesser Servant of Makhleb, Major Destruction, Greater
Servant of Makhleb, Renounce Religion


You were on level 1 of the Orcish Mines.
You worshipped Makhleb.
Makhleb was extremely pleased with you.
You were not hungry.

You visited 3 branches of the dungeon, and saw 11 of its levels.
You also visited: Ossuary.

You collected 736 gold pieces.
You spent 454 gold pieces at shops.

Inventory:

Armour
 t - a +0 robe (worn)
 F - a +0 cloak (worn)
Jewellery
 v - a ring of protection from fire (left claw)
 w - an amulet of faith (around neck)
 z - an uncursed amulet of rage {unknown}
Wands
 a - a wand of polymorph (5/24)
 f - a wand of flame (28/48)
 g - a wand of confusion (30/48)
 y - a wand of polymorph (8/24)
 C - a wand of clouds (5/9)
 D - a wand of random effects (26/48)
Scrolls
 b - a scroll of blinking {unknown}
 e - 4 scrolls of identify
 i - 6 scrolls of remove curse
 j - 2 scrolls of noise {unknown}
 m - a scroll of fog {unknown}
 p - 2 scrolls of amnesia {unknown}
 q - 4 scrolls of teleportation {unknown}
 s - 2 scrolls of random uselessness {unknown}
 A - a scroll of immolation {unknown}
Potions
 c - 4 potions of degeneration {unknown}
 d - 4 potions of heal wounds
 h - a potion of ambrosia {unknown}
 k - 3 potions of berserk rage {unknown}
 l - 4 potions of curing
 n - a potion of flight {unknown}
 o - a potion of invisibility {unknown}
 B - a potion of might {unknown}
 H - a potion of mutation {unknown}
Books
 E - a book of Misfortune

   Spells                             Type                      Level
   a - Confusing Touch                Hexes                        1
   b - Confuse                        Hexes                        3
   c - Gell's Gravitas                Translocation                3
   d - Petrify                        Transmutation/Earth          4
   e - Metabolic Englaciation         Hexes/Ice                    5
   f - Yara's Violent Unravelling     Hexes/Transmutation          5
 G - a book of Cantrips

   Spells                             Type                      Level
   a - Confusing Touch                Hexes                        1
   b - Animate Skeleton               Necromancy                   1
   c - Summon Small Mammal            Summoning                    1
   d - Apportation                    Translocation                1
Comestibles
 r - 3 meat rations
 u - 3 bread rations
 x - 3 royal jellies


   Skills:
 + Level 7.0 Fighting
 + Level 6.1 Dodging
 - Level 1.0 Stealth
 + Level 12.5 Unarmed Combat


You had 9 spell levels left.
You didn't know any spells.

Dungeon Overview and Level Annotations

Branches:
Dungeon (9/15)             Temple (1/1) D:5            Lair (0/6) D:8
    Orc (1/2) D:9

Altars:
Dithmenos
Elyvilon
Fedhas
Gozag
Hepliaklqana
Kikubaaqudgha
Makhleb
Nemelex Xobeh
Okawaru
Qazlal
Ru
Sif Muna
Trog
Uskayaw
Vehumet
Xom
Yredelemnul
Zin
The Shining One

Shops:
D:5 %   D:8 ![%}

Annotations:
Orc:1 Urug


Innate Abilities, Weirdness & Mutations

You are too large for most types of armour.
You have claws for hands.
Your metabolism is lightning-fast.
You like to eat raw meat.
Your natural rate of healing is unusually fast.
You are covered in fur. (AC +1)
You have very tough skin. (AC +2)


Message History

You mangle the warg!!
You kill the warg!
Makhleb accepts your kill.
You feel better.
Urug moves out of view.
No target in view!
You closely miss Urug.
Urug hits you with an enchanted great mace!!
You completely miss Urug.
Urug hits you with an enchanted great mace!!
You scratch Urug.
Urug is lightly wounded.
You barely miss Urug.
Urug is lightly wounded.
Urug hits you with an enchanted great mace!
Urug throws a javelin.
The javelin hits you!
* * * LOW HITPOINT WARNING * * *
You see here a javelin.
Urug throws a javelin.
The javelin hits you!!
You die...

...>.... .....
#....#... ..#..>
......... #.#.#..
.$....... .......
...$.....##....#..
......##$#.....#
.....$.<..$...#
..###.#@(....##
#.(..#)#.#
#...o.....#..
##.#...#.#...# #
##...###.## ##.##
## ###


You could see Urug.

Vanquished Creatures
  A two-headed ogre (D:8)
  Erica (D:8)
  The ghost of beanieboyaka the Chopper, a novice GrFi (D:8)
  Maurice (D:9)
  2 hippogriffs (D:8)
  A hungry ghost (D:8)
  A warg (Orc:1)
  Menkaure (D:7)
  Duvessa (D:5)
  3 orc warriors
  3 ice beasts
  3 ogres
  A phantom (D:4)
  2 centaurs
  3 big kobolds
  4 bullfrogs (D:8)
  Dowan (D:5)
  2 water moccasin zombies
  2 scorpions
  2 howler monkeys
  A vampire bat (D:3)
  A crimson imp (D:8)
  A bullfrog zombie (D:7)
  6 hounds
  A jelly (D:8)
  9 orc priests
  2 centaur skeletons
  Ijyb (D:4)
  3 iguanas
  6 orc wizards
  6 worker ants
  A killer bee zombie (D:9)
  3 big kobold zombies (Ossuary)
  A hound zombie (D:6)
  3 hound skeletons
  2 mummies (Ossuary)
  5 adders
  7 gnolls (D:3)
  A shadow imp (D:4)
  An ooze (D:3)
  4 adder zombies
  An adder skeleton (D:6)
  A worm (D:2)
  3 fire bats (D:3)
  10 leopard geckos
  35 orcs
  2 spectral bats (D:3)
  3 bat skeletons (D:3)
  A bat zombie (D:3)
  4 giant cockroaches
  5 gnoll zombies (Ossuary)
  2 goblins (D:2)
  5 hobgoblins
  15 jackals
  23 kobolds
  A quokka (D:4)
  3 ball pythons
  12 bats
  A bat simulacrum (D:3)
  2 frilled lizards
  2 hobgoblin zombies (Ossuary)
  A jackal zombie (D:7)
  6 kobold zombies (Ossuary)
  A leopard gecko zombie (D:6)
  4 orc zombies (Ossuary)
  A rat (D:3)
  2 butterflies (D:8)
247 creatures vanquished.

Notes
Turn   | Place    | Note
-------+----------+-------------------------------------------
     0 | D:1      | NixNut the Troll Monk began the quest for the Orb.
     0 | D:1      | Reached XP level 1. HP: 22/22 MP: 0/0
    58 | D:1      | You fall through a shaft!
   144 | D:2      | Reached XP level 2. HP: 29/29 MP: 1/1
   768 | D:2      | Reached XP level 3. HP: 34/36 MP: 2/2
   866 | D:2      | Reached skill level 4 in Unarmed Combat
  1287 | D:3      | Reached XP level 4. HP: 36/45 MP: 3/3
  1576 | D:3      | Found a hide-covered altar of Uskayaw.
  1576 | D:3      | Noticed a dagger
  1576 | D:3      | Noticed a hand axe
  1769 | D:3      | Reached skill level 5 in Unarmed Combat
  1886 | D:3      | Reached XP level 5. HP: 53/53 MP: 4/4
  1964 | D:3      | Reached skill level 6 in Unarmed Combat
  2025 | D:3      | Reached XP level 6. HP: 48/61 MP: 5/5
  2512 | D:4      | Reached skill level 7 in Unarmed Combat
  2944 | D:4      | Reached XP level 7. HP: 55/67 MP: 6/6
  3551 | D:5      | Entered Level 5 of the Dungeon
  3555 | D:5      | Noticed Ijyb
  3571 | D:4      | Killed Ijyb
  3844 | D:5      | Reached skill level 8 in Unarmed Combat
  3902 | D:5      | Found a staircase to the Ecumenical Temple.
  3908 | Temple   | Entered the Ecumenical Temple
  4036 | Temple   | Became a worshipper of Makhleb the Destroyer
  4036 | Temple   | Reached * piety under Makhleb
  4036 | Temple   | Reached ** piety under Makhleb
  4149 | D:5      | Found a sand-covered staircase.
  4149 | D:5      | Found Meorunamp's Food Shop.
  4156 | Ossuary  | Entered an ossuary
  4305 | Ossuary  | Reached skill level 9 in Unarmed Combat
  4314 | Ossuary  | Reached XP level 8. HP: 65/78 MP: 7/7
  4419 | D:5      | Bought a meat ration for 60 gold pieces
  4419 | D:5      | Bought a meat ration for 60 gold pieces
  4419 | D:5      | Bought a meat ration for 60 gold pieces
  4419 | D:5      | Bought a meat ration for 60 gold pieces
  4505 | D:5      | Noticed Duvessa
  4505 | D:5      | Noticed Dowan
  4512 | D:5      | Killed Duvessa
  4518 | D:5      | Killed Dowan
  4771 | D:6      | Reached *** piety under Makhleb
  4924 | D:6      | Reached skill level 10 in Unarmed Combat
  5766 | D:7      | Reached skill level 11 in Unarmed Combat
  5786 | D:7      | Noticed Menkaure
  5793 | D:7      | Killed Menkaure
  5887 | D:7      | Reached XP level 9. HP: 85/85 MP: 8/8
  5906 | D:7      | Reached **** piety under Makhleb
  5938 | D:7      | Found a basalt altar of Yredelemnul.
  6317 | D:8      | Found Xuokhlued's Gadget Emporium.
  6340 | D:8      | Noticed Erica
  6352 | D:8      | Killed Erica
  6352 | D:8      | Reached skill level 5 in Fighting
  6753 | D:8      | Found a shimmering altar of Xom.
  6765 | D:8      | Reached XP level 10. HP: 86/98 MP: 9/9
  6851 | D:8      | Found Batit's Distillery.
  6857 | D:8      | Bought a potion of heal wounds for 65 gold pieces
  6857 | D:8      | Bought a potion of curing for 39 gold pieces
  6891 | D:8      | Reached skill level 12 in Unarmed Combat
  6914 | D:8      | Reached skill level 5 in Dodging
  6991 | D:8      | Found Fabusim's Armour Emporium.
  7013 | D:8      | Found a staircase to the Lair.
  7042 | D:8      | Noticed beanieboyaka's ghost (novice GrFi)
  7043 | D:8      | Found Buukahi's Food Shoppe.
  7043 | D:8      | Noticed a two-headed ogre
  7052 | D:8      | Killed beanieboyaka's ghost
  7055 | D:8      | Killed a two-headed ogre
  7055 | D:8      | Reached ***** piety under Makhleb
  7105 | D:8      | Bought a meat ration for 55 gold pieces
  7105 | D:8      | Bought a meat ration for 55 gold pieces
  7673 | D:9      | Noticed Maurice
  7709 | D:9      | Killed Maurice
  7836 | D:9      | Found a staircase to the Orcish Mines.
  7844 | Orc:1    | Entered Level 1 of the Orcish Mines
  7849 | Orc:1    | Noticed Urug
  7860 | Orc:1    | Hit by a javelin thrown by Urug

Skill      XL: |  1  2  3  4  5  6  7  8  9 10 |
---------------+-------------------------------+-----
Unarmed Combat | 4 5 6 7 9 11 12 | 12.5
Fighting       | 3 4 6 7 |  7.0
Dodging        | 4 6 |  6.1
Stealth        | |  1.0

Action                   |  1- 3 |  4- 6 |  7- 9 | 10-12 || total
-------------------------+-------+-------+-------+-------++-------
Melee: Unarmed           |    85 |   145 |   346 |   138 ||   714
       Punch             |       |     4 |    14 |     9 ||    27
  Use: Scroll            |       |       |     3 |       ||     3
 Stab: Sleeping          |     2 |       |    12 |       ||    14
       Distracted        |     1 |       |       |       ||     1
  Eat: Chunk             |     5 |     2 |    24 |     3 ||    34
       Meat ration       |     1 |       |     2 |     2 ||     5
       Bread ration      |       |     2 |     1 |       ||     3
       Royal jelly       |       |     3 |       |       ||     3
Armor: Robe              |    37 |   107 |    79 |    47 ||   270
       Skin              |       |       |       |     7 ||     7
Dodge: Dodged            |    48 |   121 |   144 |    75 ||   388
